AoeStats
← Marta

Arabia

510464163Analyzed
1v1 RM · 2d ago on Oct 1, 2026· 46m 18s· 2 players
Game mode
Random Map
Map size
Tiny (2 player)
Population
200
Speed
Normal
Resources
Standard
Victory
Conquest
Starting age
Dark Age
Ending age
Imperial Age
RankedLock teamsTeams togetherTeam positionsShared explorationLock speedFull tech treeHidden civsTurbo modeCheats
Victory
Defeat
🇧🇷 Sicilians · Brazil
1514
+13
🇦🇷 Magyars · Argentina
1457
-13
Marta
2:48 Loom
15:08 Feudal Age
20:31 Double-Bit Axe
23:42 Wheelbarrow
40:54 Bloodlines
42:08 Fletching
PoopMaster
0:30 Loom
28:17 Feudal Age
29:47 Stone Mining
31:39 Horse Collar
32:27 Forging
32:23 Scale Barding Armor
40:04 Bloodlines
46:27 Wheelbarrow
46:42 Fletching
Connection lost

Rejoining the realm…

Still unreachable

The connection could not be restored.

Session expired

The server has moved on; the page needs a fresh start.